 Dungeon Crawl Stone Soup version 0.20-a0-317-gc038824 (webtiles) character file.

352824 tboon the Executioner (level 21, -3/195 HPs)
             Began as a Minotaur Fighter on Dec 19, 2016.
             Was the Champion of Okawaru.
             Killed by the air
             ... invoked by a titan
              (18 damage)
             ... on level 4 of the Vaults on Dec 20, 2016.
             The game lasted 03:02:32 (40548 turns).

tboon the Executioner (Minotaur Fighter)           Turns: 40548, Time: 03:02:33

Health: -3/195     AC: 43    Str: 24    XL:     21   Next: 32%
Magic:  24/24      EV: 13    Int:  8    God:    Okawaru [******]
Gold:   3080       SH: 29    Dex: 17    Spells: 20/20 levels left

rFire  . . .     SeeInvis +     E - +14 obsidian axe {chop, +Fly SInv *Curse}
rCold  . . .     Gourm    .     Z - +2 crystal plate armour
rNeg   . . .     Faith    .     t - +0 large shield {AC+3}
rPois  +         Spirit   .     c - +2 hat {Int+3}
rElec  .         Reflect  +     F - +2 cloak {rPois}
rCorr  .         Harm     .     (no gloves)
MR     +....                    L - +0 pair of boots {run}
Stlth  ..........               j - +5 amulet of reflection
                                u - ring of see invisible {sInv, !d}
                                Q - +5 ring of protection

@: mesmerised, quick
A: retaliatory headbutt, horns 2, low mp 1
}: 2/15 runes: serpentine, barnacled
a: Heroism, Finesse, Renounce Religion, Evoke Flight


You were on level 4 of the Vaults.
You worshipped Okawaru.
Okawaru was exalted by your worship.
You were not hungry.

You visited 6 branches of the dungeon, and saw 35 of its levels.
You visited the Abyss 1 time.
You also visited: Ossuary.

You collected 3905 gold pieces.
You spent 825 gold pieces at shops.

Inventory:

Hand Weapons
 b - a +1 hand axe of flaming
   (Okawaru gifted it to you on level 1 of the Snake Pit)
 E - the +14 obsidian axe (weapon) {chop, +Fly SInv *Curse}
   (Okawaru gifted it to you on level 2 of the Snake Pit)

   It inflicts extra damage upon your enemies.
   It lets you see invisible.
   It lets you fly.
   It may re-curse itself when equipped.
Missiles
 C - 191 arrows
Armour
 c - a +2 hat of intelligence (worn)
   (Okawaru gifted it to you on level 4 of the Snake Pit)
 t - a +0 large shield of protection (worn)
   (Okawaru gifted it to you on level 3 of the Vaults)
 F - a +2 cloak of poison resistance (worn)
   (You took it off Crazy Yiuf on level 6 of the Dungeon)
 L - a +0 pair of boots of running (worn)
   (Okawaru gifted it to you on level 4 of the Lair of Beasts)
 W - a +1 cloak of magic resistance
   (Okawaru gifted it to you on level 3 of the Shoals)
 Z - a +2 crystal plate armour (worn)
   (Okawaru gifted it to you on level 4 of the Snake Pit)
Jewellery
 i - a +4 ring of intelligence
   (You found it on level 1 of the Dungeon)
 j - a +5 amulet of reflection (around neck)
   (You bought it in a shop on level 1 of the Orcish Mines)
 m - an uncursed ring of protection from cold {unknown}
   (You found it on level 4 of the Vaults)
 u - a ring of see invisible (right hand) {sInv, !d}
   (You found it on level 6 of the Dungeon)
 Q - a +5 ring of protection (left hand)
   (You acquired it on level 2 of the Snake Pit)
 T - an uncursed ring of protection from magic {MR+, !d}
   (You found it on level 4 of the Shoals)
Wands
 k - a wand of digging (19/24)
   (You found it on level 4 of the Lair of Beasts)
 K - a wand of flame (31/48)
   (You found it on level 3 of the Lair of Beasts)
 N - a wand of digging (7/24)
   (You found it on level 15 of the Dungeon)
 O - a wand of disintegration (12/24)
   (You found it on level 4 of the Lair of Beasts)
 V - a wand of hasting (5/9)
   (You found it on level 1 of the Vaults)
Scrolls
 e - 2 scrolls of magic mapping {!r}
 g - 8 scrolls of enchant weapon
 l - 2 scrolls of recharging
 n - 19 scrolls of teleportation
 p - 4 scrolls of identify
 v - a scroll of fog
 x - a scroll of summoning
 z - a scroll of acquirement
 B - 2 scrolls of brand weapon
 D - 2 scrolls of fear
 I - 5 scrolls of blinking {!r}
 M - 13 scrolls of remove curse
Potions
 d - 6 potions of might
 h - 6 potions of flight
 o - 6 potions of haste
 q - 17 potions of curing
 r - 3 potions of invisibility
 G - 2 potions of agility
 H - 2 potions of heal wounds
 P - 4 potions of brilliance
 S - 2 potions of cure mutation {!q}
Comestibles
 f - 14 bread rations
 s - 20 meat rations
 w - 6 beef jerkies
 R - 8 fruits
 X - 15 royal jellies


   Skills:
 + Level 18.7 Fighting
 + Level 21.3 Axes
 + Level 18.4 Armour
 + Level 16.4 Dodging
 * Level 21.2 Shields
 - Level 10.2 Invocations


You had 20 spell levels left.
You didn't know any spells.

Dungeon Overview and Level Annotations

Branches:
Dungeon (15/15)            Temple (0/1) D:7            Lair (6/6) D:11
 Shoals (4/4) Lair:3        Snake (4/4) Lair:4        Slime (0/5) Lair:6
    Orc (2/2) D:11            Elf (0/3) Orc:2        Vaults (4/5) D:13
  Crypt (0/3) Vaults:2     Depths (0/5) D:15

Altars:
Ashenzari
Dithmenos
Fedhas
Gozag
Hepliaklqana
Nemelex Xobeh
Okawaru
Ru
Sif Muna
Uskayaw
Xom
The Shining One
Beogh
Jiyva

Shops:
D:4 %   D:8 :!*!   D:9 *   D:11 [   D:15 ![:   Orc:1 (:=   Orc:2 (?:[
Shoals:1 (   Shoals:2 }   Shoals:3 (   Snake:1 ::*%

Portals:
Trove: Vaults:3 (give 8 scrolls of blinking)

Annotations:
Lair:1 exclusion: 2 oklob plants


Innate Abilities, Weirdness & Mutations

You reflexively headbutt those who attack you in melee.
You have a pair of horns on your head.
Your magical capacity is low. (-10% MP)


Message History

Visions of slaying the vault warden flood into your mind.
The vault warden activates a sealing rune.
A door slams shut!
The floating eye seems to glare at you.
You slice the stone giant!! You open a gate to Pandemonium!
A demon appears!
You kill the stone giant!
Okawaru accepts your kill. Something appears at your feet!
Okawaru grants you a gift!
You slash the vault warden! You closely miss the deep elf archer.
Visions of slaying the deep elf archer flood into your mind.
The floating eye changes into a tarantella!
The deep elf mage mumbles some strange words.
You block the vault warden's attack.
The deep elf archer unwields an uncursed shortbow.
The deep elf archer wields an uncursed dagger.
You block the deep elf archer's attack.
The sphinx closely misses your sun demon. x2
The sphinx hits your sun demon but does no damage.
You slash the vault warden!
You kill the vault warden!
Okawaru accepts your kill.
The runic seal fades away.
You slice the deep elf archer!! You open a gate to Pandemonium!
A demon appears!
The tarantella bites your soul eater but does no damage.
You slash the deep elf archer!
The deep elf archer is severely wounded.
Your sun demon disappears in a puff of smoke!
The sphinx completely misses your sun demon.
The sphinx barely misses your sun demon.
The sphinx hits your sun demon. The storm dragon bites your soul eater.
The storm dragon claws your soul eater.
The storm dragon tramples your soul eater.
Your soul eater is shoved backwards!
The deep elf archer hits you but does no damage.
Your sun demon closely misses the tarantella.
The tarantella bites your sun demon!
Your sun demon appears confused.
You slice the deep elf archer!!
You break out of your daze!
You kill the deep elf archer!
Okawaru accepts your kill.
You slash the storm dragon!
Visions of slaying the storm dragon flood into your mind.
Your soul eater closely misses the storm dragon.
You block the storm dragon's attack. x2
The storm dragon tramples you but does no damage.
The sphinx hits your sun demon but does no damage.
The sphinx hits your sun demon! The sphinx hits your sun demon.
Your sun demon hits your soul eater.
Your soul eater is engulfed in flames!
The tarantella bites your sun demon.
Your sun demon appears confused.
You slice the storm dragon!! You headbutt the storm dragon.
The storm dragon is heavily wounded.
You slash the ice dragon!
Visions of slaying the ice dragon flood into your mind.
The sphinx hits your sun demon.
The sphinx barely misses your sun demon.
The sphinx hits your sun demon.
The storm dragon breathes lightning at you.
The bolt of lightning hits you!
The bolt of lightning hits your smoke demon. x2
Your smoke demon dies!
The bolt of lightning hits you!
The bolt of lightning hits the storm dragon.
The storm dragon completely resists.
The bolt of lightning hits the tarantella.
The tarantella dies!
The ice dragon bites you. You block the ice dragon's attack. x2
Your soul eater hits the storm dragon!
Your soul eater drains the storm dragon!
You hear a shout!
You are too injured to fight recklessly!
You are too injured to fight recklessly!
You are too injured to fight recklessly!
You are too injured to fight recklessly!
You are too injured to fight recklessly!
You slice the storm dragon!! You headbutt the storm dragon.
The storm dragon is almost dead.
You slash the ice dragon!
The storm dragon bites you but does no damage.
You block the storm dragon's attack. x2
The sphinx completely misses your sun demon.
The sphinx hits your sun demon.
Your sun demon dies!
You slice the storm dragon!!
You kill the storm dragon!
Okawaru accepts your kill.
You slash the ice dragon!
Your crystal plate armour prevents you from hitting the earth elemental.
The ice dragon breathes frost at you. The blast of cold hits you!
* * * LOW HITPOINT WARNING * * *
You hit the ice dragon but do no damage.
You headbutt the ice dragon, but do no damage.
The ice dragon is heavily wounded.
You slash the earth elemental!
The titan waves its arms in wide circles.
The air twists around and strikes you!
You die...

#...#...# #... #....#..#
#... ##'########### .
#... ##.'.#[#.#.#.## .#
#... #..#)#.#(#.'..# ..#
#... ####.#.#.'.####
.... #...
+.)..')'.#....# ##.....
#...
######.#.####+###D(.#..#
#...
#...)))#.....(+.@3C.....
#...
##+#####'######..EeE....
#...
#......#.3....###.H.#..#
#... ######.#.###'##
##).... #...
#....#.+.#....# #....
#... ###'.+.#.#.#'##
#..# #...
#..#.+)#.+.#..# ..# #...
##)).#.#.+.#.## .. #...
##)############ #...


You could see a titan, an ice dragon, a sphinx, 2 earth elementals, a deep elf
mage and a friendly soul eater.

Vanquished Creatures
  A lich (Vaults:3)
  A storm dragon (Vaults:4)
  Kirke (Shoals:4)
  A tentacled starspawn (Abyss:2)
  7 nagarajas
  Ilsuiw (Shoals:4)
  Roxanne (D:15)
  2 deep elf sorcerers
  A fire giant (Vaults:1)
  A frost giant (Vaults:4)
  An orc warlord (Orc:2)
  15 vault wardens
  Louise (Shoals:3)
  14 ironheart preservers
  4 very ugly things (Vaults:4)
  4 stone giants
  An entropy weaver (Vaults:4)
  A deep elf demonologist (Vaults:3)
  A deep elf death mage (Vaults:3)
  4 ettins
  3 merfolk javelineers (Shoals:4)
  Josephine (D:12)
  2 fire dragons
  7 merfolk impalers
  9 ogre magi
  4 ice dragons
  2 great orbs of eyes (Vaults:4)
  8 yaktaur captains
  Harold (Lair:2)
  2 rakshasas (Vaults:3)
  11 vault guards
  A hydra (Lair:3)
  Fannar (Lair:3)
  A catoblepas (D:14)
  9 naga warriors
  10 merfolk aquamancers
  14 anacondas
  9 centaur warriors
  2 satyrs (Shoals:4)
  2 alligator snapping turtles
  3 merfolk avatars
  31 two-headed ogres
  3 death knights
  A deep troll earth mage (Vaults:1)
  Urug (D:15)
  6 shock serpents
  2 tengu warriors
  2 orc high priests (Orc:2)
  2 thrashing horrors (Abyss:2)
  7 deep elf knights
  10 naga sharpshooters
  A shadow wraith (Vaults:4)
  6 skeletal warriors
  3 storm dragon skeletons (Vaults:2)
  2 unseen horrors
  A wretched star (Abyss:2)
  3 salamander mystics
  12 sea snakes
  7 deep trolls
  4 deep elf archers
  Pikel (D:7)
  2 glowing orange brains
  2 lindwurms
  4 starcursed masses (Abyss:2)
  11 naga ritualists
  3 wizards
  15 ironbrand convokers
  A flayed ghost (Abyss:2)
  16 orc knights
  2 phantasmal warriors
  33 ugly things
  28 harpies
  A necromancer (Lair:4)
  A mana viper (shapeshifter) (D:13)
  2 wolf spiders
  A tengu skeleton (Vaults:2)
  11 deep elf magi
  10 mana vipers
  5 orc sorcerers
  15 manticores
  10 salamanders
  11 cyclopes
  13 vault sentinels
  7 fauns
  14 merfolk sirens
  22 naga magi
  3 guardian serpents
  2 guardian serpents (shapeshifter)
  Joseph (D:7)
  4 water nymphs
  2 stone giant skeletons (Vaults:2)
  43 black mambas
  21 elephants
  3 gargoyles
  4 centaur skeletons
  5 spiny frogs
  2 komodo dragons (shapeshifter)
  23 yaktaurs
  7 komodo dragons
  11 freezing wraiths
  10 rime drakes
  A tormentor (Abyss:2)
  A rime drake (shapeshifter) (Vaults:1)
  An ancient zyme (Abyss:2)
  2 hellwings (D:9)
  A tengu conjurer (D:12)
  A queen bee (Lair:3)
  The ghost of ImbarsBidbib the Magician, a novice DEFE of Vehumet (D:6)
  5 trolls
  26 merfolk
  A meliai (shapeshifter) (Vaults:3)
  6 polar bears (Lair:6)
  7 wind drakes
  9 hornets
  A slime creature (shapeshifter) (D:10)
  Prince Ribbit (D:7)
  10 slime creatures
  25 blink frogs
  13 hippogriffs
  3 snapping turtles
  A meliai zombie (D:9)
  5 dream sheep
  An air elemental (Abyss:2)
  An ettin skeleton (Vaults:2)
  A shadow (D:12)
  8 wraiths
  11 wyverns
  15 spriggans
  A vampire (D:13)
  13 water elementals
  7 hogs (Shoals:4)
  2 neqoxecs (Abyss:2)
  10 large abominations (Abyss:2)
  36 yaks
  2 humans (shapeshifter)
  10 basilisks
  4 chaos spawn (Abyss:2)
  5 steam dragons
  A spatial vortex (Abyss:2)
  5 wargs
  12 vampire mosquitoes
  Menkaure (D:7)
  14 water moccasins
  An acid dragon (D:15)
  43 nagas
  A soldier ant (shapeshifter) (D:13)
  4 porcupines
  A hell hound (Lair:4)
  An elephant zombie (Lair:4)
  18 ice beasts
  6 sky beasts
  2 necrophages
  6 phantoms
  27 ogres
  45 orc warriors
  2 slaves (D:7)
  10 boggarts
  4 black bears
  A wolf (shapeshifter) (Vaults:1)
  12 centaurs
  An eye of draining (shapeshifter) (D:15)
  23 wolves
  8 small abominations (Abyss:2)
  13 crocodiles
  4 big kobolds
  17 bullfrogs
  3 human skeletons (Vaults:2)
  A wyvern skeleton (D:9)
  4 scorpions
  25 killer bees
  2 howler monkeys
  5 electric eels
  A bullfrog zombie (D:12)
  8 centaur zombies
  6 crimson imps
  A lava snake (Snake:1)
  A quasit (D:14)
  18 orc wizards
  3 jellies
  A basilisk zombie (Lair:4)
  A gnoll shaman (Orc:1)
  25 orc priests
  Crazy Yiuf (D:6)
  A bullfrog skeleton (D:12)
  5 hounds
  An iron imp (Abyss:2)
  Jessica (D:2)
  12 worker ants
  5 iguanas
  A crocodile zombie (Lair:4)
  4 big kobold zombies (Ossuary)
  3 hound zombies
  5 mummies
  A worker ant zombie (D:7)
  17 gnolls
  A howler monkey skeleton (D:5)
  13 adders
  9 shadow imps
  2 white imps (Abyss:2)
  3 adder skeletons
  2 worms (D:3)
  2 dart slugs (D:1)
  8 leopard geckos
  108 orcs
  6 ball pythons
  7 giant cockroaches
  3 gnoll zombies (Ossuary)
  7 hobgoblins
  4 jackals
  4 quokkas
  5 bats
  A frilled lizard (D:1)
  3 goblins
  A goblin zombie (Ossuary)
  A hobgoblin zombie (D:7)
  A jackal skeleton (D:4)
  A jackal zombie (Ossuary)
  18 kobolds
  A kobold zombie (D:7)
  An orc zombie (Ossuary)
  9 rats
  2 crawling corpses (Vaults:3)
  12 plants
  2 tentacles (Shoals:3)
1581 creatures vanquished.

Vanquished Creatures (collateral kills)
  A deep elf sorcerer (Vaults:3)
  A vault warden (Vaults:2)
  2 ironheart preservers
  A very ugly thing (Vaults:4)
  A stone giant (Vaults:3)
  A deep elf annihilator (Vaults:1)
  An ettin (Vaults:4)
  A merfolk javelineer (Shoals:3)
  2 merfolk impalers (Shoals:4)
  3 naga warriors (Snake:4)
  A rakshasa (Vaults:3)
  A merfolk avatar (Shoals:4)
  An ogre mage (Vaults:3)
  3 anacondas
  A two-headed ogre (Vaults:1)
  A two-headed ogre (shapeshifter) (Vaults:1)
  A naga sharpshooter (Snake:4)
  2 orc high priests (Orc:2)
  A deep troll (Vaults:2)
  2 naga ritualists (Snake:4)
  5 sea snakes
  A deep elf archer (Vaults:3)
  10 harpies
  An orc knight (Vaults:3)
  A mana viper (Snake:2)
  An orc sorcerer (Orc:2)
  9 ugly things
  A deep elf mage (Vaults:4)
  A cyclops (Shoals:4)
  2 manticores
  A salamander (Snake:3)
  A merfolk siren (Shoals:3)
  5 naga magi (Snake:4)
  3 black mambas
  2 vault sentinels (Vaults:2)
  2 water nymphs (Shoals:1)
  A human skeleton (Vaults:2)
  5 yaktaurs
  A meliai (shapeshifter) (Vaults:4)
  A freezing wraith (Vaults:3)
  4 merfolk
  2 slime creatures
  3 wind drakes
  3 snapping turtles
  2 yaks (D:14)
  2 water elementals (Shoals:4)
  2 wargs
  6 nagas
  6 orc warriors
  3 centaurs
  4 ogres
  A bullfrog (D:15)
  A human simulacrum (Vaults:1)
  A jelly (D:14)
  7 orc priests
  3 orc wizards
  A worker ant (D:13)
  10 orcs
  A bat (Shoals:2)
  A crawling corpse (Vaults:3)
  2 plants (Shoals:3)
147 creatures vanquished.

Vanquished Creatures (others)
  A yaktaur captain (Vaults:2)
  A centaur warrior (D:15)
  A manticore (Shoals:4)
  A cyclops (D:12)
  A vault sentinel (Vaults:1)
  A black mamba (Snake:3)
  A freezing wraith (Vaults:4)
  A yaktaur (Vaults:4)
  A water elemental (Shoals:1)
  A tarantella (shapeshifter) (Vaults:4)
  A slave (D:7)
  3 centaurs
  3 orcs
  A quokka skeleton (D:8)
  7 fungi (Lair:4)
  2 plants
  4 starspawn tentacles (Abyss:2)
  14 tentacles
45 creatures vanquished.

Grand Total: 1773 creatures vanquished

Notes
Turn   | Place    | Note
-------+----------+-------------------------------------------
     0 | D:1      | tboon the Minotaur Fighter began the quest for the Orb.
     0 | D:1      | Reached XP level 1. HP: 19/19 MP: 0/0
   239 | D:1      | Reached XP level 2. HP: 21/26 MP: 1/1
   342 | D:1      | Reached skill level 3 in Axes
   810 | D:2      | Found a deep blue altar of Sif Muna.
   814 | D:2      | Noticed Jessica
   824 | D:2      | Killed Jessica
   824 | D:2      | Reached skill level 4 in Armour
   824 | D:2      | Reached skill level 1 in Dodging
   824 | D:2      | Reached XP level 3. HP: 28/33 MP: 2/2
  1389 | D:3      | Reached skill level 4 in Axes
  1389 | D:3      | Reached skill level 4 in Shields
  1389 | D:3      | Reached XP level 4. HP: 34/40 MP: 3/3
  1465 | D:3      | Found a sparkling altar of Nemelex Xobeh.
  1483 | D:3      | Found a glowing golden altar of the Shining One.
  1496 | D:3      | Reached skill level 4 in Fighting
  1606 | D:3      | Noticed a bullfrog
  1614 | D:3      | Killed a bullfrog
  1614 | D:3      | Reached XP level 5. HP: 38/47 MP: 4/4
  1856 | D:4      | Reached skill level 5 in Axes
  1856 | D:4      | Reached skill level 2 in Dodging
  1863 | D:4      | Found Bemmycw's Food Shop.
  1945 | D:4      | Reached XP level 6. HP: 49/53 MP: 5/5
  2336 | D:4      | Found an iron altar of Okawaru.
  2390 | D:4      | Became a worshipper of Warmaster Okawaru
  2503 | D:4      | Reached skill level 5 in Shields
  2561 | D:5      | Entered Level 5 of the Dungeon
  2569 | D:5      | Reached skill level 5 in Fighting
  2569 | D:5      | Reached skill level 6 in Axes
  2665 | D:5      | Reached skill level 5 in Armour
  2665 | D:5      | Reached XP level 7. HP: 47/61 MP: 6/6
  3321 | D:5      | Reached skill level 3 in Dodging
  3592 | D:6      | Reached * piety under Okawaru
  3597 | D:6      | Reached skill level 7 in Axes
  3764 | D:6      | Reached XP level 8. HP: 66/70 MP: 7/7
  3766 | D:6      | Noticed ImbarsBidbib's ghost (novice DEFE)
  3770 | D:6      | Killed ImbarsBidbib's ghost
  3770 | D:6      | Reached skill level 6 in Fighting
  3770 | D:6      | Reached skill level 6 in Shields
  3881 | D:6      | Reached skill level 4 in Dodging
  3921 | D:6      | Reached skill level 8 in Axes
  3921 | D:6      | Reached skill level 6 in Armour
  3954 | D:6      | Reached ** piety under Okawaru
  4261 | D:6      | Found a blossoming altar of Fedhas.
  4261 | D:6      | Found a shimmering altar of Xom.
  4391 | D:6      | Found a runed door.
  4626 | D:6      | Noticed Crazy Yiuf
  4635 | D:6      | Killed Crazy Yiuf
  4710 | D:7      | Noticed Joseph
  4725 | D:7      | Killed Joseph
  4725 | D:7      | Reached skill level 9 in Axes
  4725 | D:7      | Reached XP level 9. HP: 42/78 MP: 8/8
  4897 | D:7      | Noticed Prince Ribbit
  4917 | D:7      | Killed Prince Ribbit
  4917 | D:7      | Reached skill level 7 in Fighting
  4917 | D:7      | Reached skill level 7 in Shields
  5042 | D:7      | Noticed Menkaure
  5048 | D:7      | Killed Menkaure
  5048 | D:7      | Reached skill level 7 in Armour
  5048 | D:7      | Reached skill level 5 in Dodging
  5098 | D:7      | Found a sand-covered staircase.
  5104 | Ossuary  | Entered an ossuary
  5332 | D:7      | Found a staircase to the Ecumenical Temple.
  5350 | D:7      | Reached *** piety under Okawaru
  5603 | D:7      | Noticed Pikel
  5615 | D:7      | Killed Pikel
  5615 | D:7      | Reached **** piety under Okawaru
  5615 | D:7      | Reached skill level 10 in Axes
  5626 | D:7      | Reached skill level 8 in Fighting
  5626 | D:7      | Reached skill level 8 in Shields
  5638 | D:7      | Reached XP level 10. HP: 67/88 MP: 9/9
  6131 | D:7      | Reached skill level 6 in Dodging
  6326 | D:8      | Found a hazy altar of Hepliaklqana.
  6604 | D:8      | Found Emasas's Book Emporium.
  6616 | D:8      | Reached skill level 8 in Armour
  6873 | D:8      | Found Patoubre's Distillery.
  6881 | D:8      | Bought 2 potions of might for 112 gold pieces
  6944 | D:8      | Found Ysaiq's General Store.
  6960 | D:8      | Reached ***** piety under Okawaru
  6966 | D:8      | Bought 2 scrolls of remove curse for 90 gold pieces
  6995 | D:8      | Found Cuurusen's Distillery.
  7000 | D:8      | Bought a potion of curing for 48 gold pieces
  7338 | D:9      | HP: 15/90 [hellwing (11)]
  7352 | D:9      | Reached skill level 11 in Axes
  7371 | D:9      | Received a gift from Okawaru
  7633 | D:9      | Reached skill level 9 in Fighting
  7730 | D:9      | Reached skill level 7 in Dodging
  7730 | D:9      | Reached skill level 9 in Shields
  7934 | D:9      | Reached skill level 9 in Armour
  8044 | D:9      | Found an opulent altar of Gozag.
  8046 | D:9      | Found Gozag's Platinum Reserve.
  8070 | D:9      | Reached skill level 12 in Axes
  8157 | D:9      | Reached XP level 11. HP: 97/97 MP: 10/10
  8401 | D:9      | Reached skill level 1 in Invocations
  8632 | D:9      | Received a gift from Okawaru
  8635 | D:9      | Got a bone dire flail {god gift}
  8836 | D:10     | Entered Level 10 of the Dungeon
  8971 | D:10     | Noticed a tengu warrior
  8991 | D:10     | Killed a tengu warrior
  9024 | D:10     | Noticed a skeletal warrior
  9042 | D:10     | Killed a skeletal warrior
  9042 | D:10     | Reached skill level 2 in Invocations
  9481 | D:10     | Noticed an unseen horror
  9502 | D:10     | Killed an unseen horror
  9896 | D:10     | Noticed a two-headed ogre
  9904 | D:10     | Killed a two-headed ogre
  9904 | D:10     | Received a gift from Okawaru
 10050 | D:10     | Reached skill level 10 in Fighting
 10347 | D:11     | Reached skill level 3 in Invocations
 10373 | D:11     | Paralysed by a hornet for 1 turns
 10461 | D:11     | Noticed a two-headed ogre
 10468 | D:11     | Killed a two-headed ogre
 10468 | D:11     | Reached skill level 13 in Axes
 10468 | D:11     | Reached skill level 8 in Dodging
 10598 | D:11     | Reached skill level 10 in Shields
 10606 | D:11     | Found Nilit's Armour Shop.
 10608 | D:11     | Found a staircase to the Orcish Mines.
 10653 | D:11     | Reached skill level 10 in Armour
 11106 | D:11     | Reached XP level 12. HP: 107/107 MP: 13/13
 11186 | D:11     | Received a gift from Okawaru
 11324 | D:11     | Found a staircase to the Lair.
 11399 | Lair:1   | Entered Level 1 of the Lair of Beasts
 11573 | Lair:1   | Reached skill level 4 in Invocations
 12508 | Lair:2   | Found a shadowy altar of Dithmenos.
 12670 | Lair:2   | Reached ****** piety under Okawaru
 12926 | Lair:2   | Noticed Harold
 12941 | Lair:2   | Killed Harold
 12941 | Lair:2   | Received a gift from Okawaru
 13267 | Lair:3   | Reached skill level 9 in Dodging
 13273 | Lair:3   | Reached skill level 14 in Axes
 13281 | Lair:3   | Reached skill level 5 in Invocations
 13282 | Lair:3   | Noticed an eight-headed hydra
 13295 | Lair:3   | Killed an eight-headed hydra
 13295 | Lair:3   | Reached skill level 11 in Fighting
 13324 | Lair:3   | Noticed an ice dragon
 13345 | Lair:3   | HP: 26/110 [ice dragon/blast of cold (35)]
 13363 | Lair:3   | Killed an ice dragon
 13363 | Lair:3   | Received a gift from Okawaru
 13363 | Lair:3   | Reached skill level 11 in Armour
 13371 | Lair:3   | HP: 19/110 [porcupine's spines (10)]
 13898 | Lair:3   | Reached skill level 11 in Shields
 13919 | Lair:3   | Found a dark tunnel.
 13949 | Lair:3   | Noticed Fannar
 13970 | Lair:3   | Killed Fannar
 13970 | Lair:3   | Received a gift from Okawaru
 13970 | Lair:3   | Reached XP level 13. HP: 116/116 MP: 9/16
 14072 | Lair:3   | Found a staircase to the Shoals.
 14834 | Lair:4   | Reached skill level 6 in Invocations
 14943 | Lair:4   | Found a staircase to the Snake Pit.
 14967 | Lair:4   | Received a gift from Okawaru
 14989 | Lair:4   | Identified a +0 pair of boots of running (Okawaru gifted it to you on level 4 of the Lair of Beasts)
 15047 | Lair:4   | Reached skill level 10 in Dodging
 15051 | Lair:4   | Reached skill level 15 in Axes
 15559 | Lair:4   | Reached skill level 12 in Armour
 15593 | Lair:4   | Reached skill level 12 in Fighting
 16662 | Lair:6   | Entered Level 6 of the Lair of Beasts
 16727 | Lair:6   | Reached skill level 7 in Invocations
 16727 | Lair:6   | Reached XP level 14. HP: 121/126 MP: 11/18
 16734 | Lair:6   | Received a gift from Okawaru
 16821 | Lair:6   | Reached skill level 12 in Shields
 17081 | Lair:6   | Found a staircase to the Slime Pits.
 17247 | Lair:6   | Found a hide-covered altar of Uskayaw.
 17363 | Lair:6   | Reached skill level 16 in Axes
 18133 | Snake:1  | Entered Level 1 of the Snake Pit
 18148 | Snake:1  | Reached skill level 11 in Dodging
 18210 | Snake:1  | Found Gujaik's Food Emporium.
 18212 | Snake:1  | Received a gift from Okawaru
 18458 | Snake:1  | Found Dekh's Book Emporium.
 18496 | Snake:1  | Reached skill level 8 in Invocations
 18672 | Snake:1  | Found Ehocosch's Assorted Antiques.
 18680 | Snake:1  | Found Rajueruo's Book Shop.
 19201 | Snake:1  | Reached skill level 13 in Fighting
 19344 | Snake:2  | Reached skill level 13 in Armour
 19513 | Snake:2  | Received a gift from Okawaru
 19522 | Snake:2  | Reached XP level 15. HP: 82/135 MP: 20/20
 19995 | Snake:2  | Reached skill level 13 in Shields
 20387 | Snake:2  | Identified a scroll of acquirement
 20577 | Snake:3  | Reached skill level 17 in Axes
 20714 | Snake:3  | Noticed a nagaraja
 20729 | Snake:3  | Killed a nagaraja
 20729 | Snake:3  | Reached skill level 9 in Invocations
 21287 | Snake:3  | Received a gift from Okawaru
 21956 | Snake:4  | Entered Level 4 of the Snake Pit
 21983 | Snake:4  | Reached skill level 12 in Dodging
 22184 | Snake:4  | Noticed a nagaraja
 22190 | Snake:4  | Killed a nagaraja
 22296 | Snake:4  | Reached skill level 14 in Fighting
 22296 | Snake:4  | Reached XP level 16. HP: 141/146 MP: 22/22
 22322 | Snake:4  | Received a gift from Okawaru
 22354 | Snake:4  | Reached skill level 18 in Axes
 22391 | Snake:4  | Reached skill level 14 in Armour
 22414 | Snake:4  | HP: 36/146 [poisoned by a naga mage (splash of poison)]
 22420 | Snake:4  | HP: 22/146 [poisoned by a naga warrior]
 22432 | Snake:4  | HP: 36/146 [naga sharpshooter/arrow (10)]
 22438 | Snake:4  | HP: 29/146 [poisoned by a naga (splash of poison)]
 22439 | Snake:4  | HP: 4/146 [naga mage/orb of energy (25)]
 22445 | Snake:4  | HP: 19/146 [poisoned by a naga sharpshooter (splash of poison)]
 22453 | Snake:4  | HP: 17/146 [poisoned by a naga sharpshooter (splash of poison)]
 22462 | Snake:4  | HP: 23/146 [naga sharpshooter/arrow (4)]
 22488 | Snake:4  | HP: 27/146 [poisoned by a naga sharpshooter (splash of poison)]
 22492 | Snake:4  | Reached skill level 10 in Invocations
 22493 | Snake:4  | HP: 27/146 [poisoned by a naga sharpshooter (splash of poison)]
 22501 | Snake:4  | HP: 27/146 [poisoned by a naga sharpshooter (splash of poison)]
 22506 | Snake:4  | HP: 28/146 [poisoned by a naga sharpshooter (splash of poison)]
 22982 | Snake:4  | Received a gift from Okawaru
 22982 | Snake:4  | Reached skill level 14 in Shields
 22991 | Snake:4  | HP: 36/147 [poisoned by a naga ritualist (toxic radiance)]
 22996 | Snake:4  | HP: 31/147 [poisoned by a naga ritualist (toxic radiance)]
 23007 | Snake:4  | HP: 36/147 [poisoned by a naga (splash of poison)]
 23013 | Snake:4  | HP: 33/147 [poisoned by a naga (splash of poison)]
 23018 | Snake:4  | HP: 30/147 [poisoned by a naga (splash of poison)]
 23023 | Snake:4  | HP: 27/147 [poisoned by a naga ritualist (toxic radiance)]
 23028 | Snake:4  | HP: 24/147 [poisoned by a naga ritualist (toxic radiance)]
 23033 | Snake:4  | HP: 23/147 [poisoned by a naga ritualist (toxic radiance)]
 23038 | Snake:4  | HP: 22/147 [poisoned by a naga ritualist (toxic radiance)]
 23043 | Snake:4  | HP: 22/147 [poisoned by a naga ritualist (toxic radiance)]
 23051 | Snake:4  | HP: 23/147 [poisoned by a naga ritualist (toxic radiance)]
 23472 | Snake:4  | Got a serpentine rune of Zot
 23964 | Shoals:1 | Entered Level 1 of the Shoals
 24240 | Shoals:1 | Found Ikij's Weapon Shop.
 24814 | Shoals:2 | Received a gift from Okawaru
 24955 | Shoals:2 | Found Goox Xishre's Gadget Boutique.
 25318 | Shoals:3 | Reached skill level 13 in Dodging
 25323 | Shoals:3 | Noticed Louise
 25324 | Shoals:3 | Cast into level 2 of the Abyss (Louise)
 25324 | Abyss:2  | Found a corrupted altar of Lugonu.
 25397 | Abyss:2  | Reached XP level 17. HP: 154/154 MP: 23/23
 25446 | Abyss:2  | Found a corrupted altar of Lugonu.
 25460 | Abyss:2  | Found a corrupted altar of Lugonu.
 25487 | Abyss:2  | Noticed a bone dragon
 25537 | Abyss:2  | Reached skill level 15 in Shields
 25934 | Abyss:2  | Reached skill level 15 in Fighting
 26000 | Abyss:2  | Reached skill level 15 in Armour
 26046 | Abyss:2  | Gained mutation: Your magical capacity is low. (-10% MP) [a neqoxec]
 26122 | Shoals:3 | Escaped the Abyss
 26136 | Shoals:3 | Killed Louise
 26444 | Snake:1  | Received a gift from Okawaru
 26486 | Snake:1  | Bought a scroll of identify for 52 gold pieces
 26552 | Lair:2   | Upgraded the game from 0.20-a0-309-gcba9277 to 0.20-a0-317-gc038824
 26686 | Orc:1    | Entered Level 1 of the Orcish Mines
 26712 | Orc:1    | Found Ihethac's Jewellery Shoppe.
 26722 | Orc:1    | Bought a +5 amulet of reflection for 375 gold pieces
 26808 | Orc:1    | Found Fisyulin's Book Boutique.
 26883 | Orc:1    | Found Zeax's Weapon Shop.
 27219 | Orc:2    | Entered Level 2 of the Orcish Mines
 27481 | Orc:2    | Found a roughly hewn altar of Beogh.
 27527 | Orc:2    | Found Didotah's Weapon Emporium.
 27577 | Orc:2    | Found Caoxzy Waxos's Magic Scroll Shoppe.
 27580 | Orc:2    | Reached skill level 19 in Axes
 27698 | Orc:2    | Bought a scroll of identify for 28 gold pieces
 27698 | Orc:2    | Bought a scroll of identify for 28 gold pieces
 27698 | Orc:2    | Bought a scroll of identify for 28 gold pieces
 27698 | Orc:2    | Bought a scroll of identify for 28 gold pieces
 27908 | Orc:2    | Found a roughly hewn altar of Beogh.
 27942 | Orc:2    | Found Sogenoti's Antique Armour Emporium.
 27958 | Orc:2    | Found Tyiwn's Book Shoppe.
 28071 | Orc:2    | Reached skill level 16 in Shields
 28270 | Orc:2    | Found a staircase to the Elven Halls.
 28751 | D:12     | Noticed Josephine
 28768 | D:12     | Killed Josephine
 29576 | D:13     | Found a gate to the Vaults.
 30122 | D:14     | Received a gift from Okawaru
 30177 | D:14     | Found a shattered altar of Ashenzari.
 30287 | D:14     | Reached XP level 18. HP: 161/166 MP: 22/22
 30425 | D:14     | Found a sacrificial altar of Ru.
 30553 | D:14     | Found a viscous altar of Jiyva.
 30791 | D:15     | Entered Level 15 of the Dungeon
 30798 | D:15     | Noticed Urug
 30801 | D:15     | Found Xuadurule's Distillery.
 30809 | D:15     | Killed Urug
 30829 | D:15     | Bought a potion of curing for 36 gold pieces
 30839 | D:15     | Noticed Roxanne
 30855 | D:15     | Killed Roxanne
 30880 | D:15     | Reached skill level 16 in Fighting
 30978 | D:15     | Found Juynoid's Book Emporium.
 31123 | D:15     | Reached skill level 14 in Dodging
 31218 | D:15     | Reached skill level 16 in Armour
 31237 | D:15     | Found Ruhor's Armour Shoppe.
 31485 | D:15     | Found a staircase to the Depths.
 31815 | Shoals:1 | Reached skill level 17 in Shields
 31817 | Shoals:1 | Received a gift from Okawaru
 32002 | Shoals:4 | Entered Level 4 of the Shoals
 32013 | Shoals:4 | Noticed Kirke
 32034 | Shoals:4 | Killed Kirke
 32353 | Shoals:3 | Received a gift from Okawaru
 33306 | Shoals:4 | HP: 36/168 [merfolk aquamancer/shard of ice (37)]
 33742 | Shoals:4 | Noticed Ilsuiw
 33762 | Shoals:4 | Killed Ilsuiw
 33901 | Shoals:4 | Received a gift from Okawaru
 33912 | Shoals:4 | Reached skill level 18 in Shields
 34317 | Shoals:4 | Reached XP level 19. HP: 173/174 MP: 22/22
 34319 | Shoals:4 | Reached skill level 20 in Axes
 34322 | Shoals:4 | Got an ichor-stained scale mail
 34457 | Shoals:4 | Got a barnacled rune of Zot
 34795 | Shoals:3 | Found Burauten's Weapon Shoppe.
 35088 | Vaults:1 | Entered Level 1 of the Vaults
 35656 | Vaults:1 | Reached skill level 15 in Dodging
 35702 | Vaults:1 | Received a gift from Okawaru
 35793 | Vaults:1 | Reached skill level 17 in Fighting
 35893 | Vaults:1 | Reached skill level 17 in Armour
 36314 | Vaults:1 | Reached skill level 19 in Shields
 36964 | Vaults:2 | Received a gift from Okawaru
 37116 | Vaults:2 | Reached XP level 20. HP: 182/184 MP: 23/23
 37830 | Vaults:2 | Found a staircase to the Crypt.
 37974 | Vaults:3 | Found a portal to a secret trove of treasure.
 38143 | Vaults:3 | Reached skill level 20 in Shields
 38495 | Vaults:3 | Reached skill level 18 in Fighting
 38555 | Vaults:3 | Received a gift from Okawaru
 38943 | Vaults:3 | Reached skill level 18 in Armour
 38943 | Vaults:3 | Reached skill level 16 in Dodging
 39177 | Vaults:3 | Got a spiked plate armour
 39188 | Vaults:3 | Identified the cursed +0 plate armour "Joobbane" {*Slow rPois MR+} (You found it on level 3 of the Vaults)
 39376 | Vaults:4 | Reached skill level 21 in Axes
 39904 | Vaults:4 | Reached XP level 21. HP: 195/195 MP: 24/24
 40011 | Vaults:4 | Reached skill level 21 in Shields
 40048 | Vaults:4 | Received a gift from Okawaru
 40541 | Vaults:4 | Received a gift from Okawaru
 40547 | Vaults:4 | HP: 15/195 [ice dragon/blast of cold (47)]
 40548 | Vaults:4 | Killed from afar by a titan

Vault maps used:
D:1:      dpeg_arrival_radiant
D:2:      overflow_temple_1_default, first_bread, uniq_jessica
D:3:      nicolae_overflow_hidden_temple, tso_metal_star
D:4:      okawaru_metal_pillars_1_2, serial_shops,
          nicolae_shop_temple_entry_statues_fountains,
          hangedman_abyss_or_decor_passed
D:6:      gammafunk_temple_overflow_wave, serial_glass, glass_columns_c,
          glass_columns_b, item_on_display_a, uniq_crazy_yiuf_cottage
D:7:      nicolae_ossuary_entry_giza, the_bakery, uniq_prince_ribbit1,
          uniq_menkaure, uniq_joseph, uniq_pikel
D:8:      basic_altar, serial_shops, shop_statue, nicolae_shop_trees,
          nicolae_shop_waterfront, shop_fountains, minmay_door_square
D:9:      cheibrodos_grave_circle, nicolae_gozag_zags_fifth_avenue,
          kennysheep_diamond
D:10:     minmay_curly_fans, serial_co_window_serial, co_window_paths_b,
          co_window_of_opportunity_a, co_window_corner_a, co_window_corner_a,
          co_window_corner_a, co_window_broadway_c, co_window_of_opportunity_b,
          co_window_corner_ca, co_window_sun, co_window_4corner_a,
          glass_columns_c, glass_columns_b, corexii_leaking_fountain,
          grunt_decor_one_mirror
D:11:     erik_lair_dragon, orc_david_3
D:12:     dk_noncrumbling_4, uniq_josephine
D:13:     david_vaults_4, serial_bayou_pond_e
D:14:     evilmike_ruin_ashenzari, basic_altar, jiyva_altar_1
D:15:     grunt_enter_depths_snipers, serial_shops, nicolae_shop_waterfront,
          nicolae_shop_statue_plus, nicolae_shop_crystal, uniq_roxanne,
          uniq_urug
Lair:1:   infiniplex_staircase_pool, grunt_megastairs_3,
          minmay_lair_oklob_chamber
Lair:2:   basic_altar, uniq_harold
Lair:3:   minmay_shoals_entry_centaurs, special_room,
          nicolae_volcano_entry_lava_flow, minmay_guarded_unrand_chilly_death,
          serial_bayou_shore_b, uniq_fannar
Lair:4:   pond_and_an_island_with_a_cottage, dummy_snake_entry, special_room
Lair:5:   lemuel_fruit_tree
Lair:6:   minmay_lair_end_enchanted_forest, dpeg_slime_entry_corner, basic_altar
Shoals:1: serial_shops, shop, nicolae_shoals_drake_roost
Shoals:2: serial_shops, nicolae_shop_behind_doors,
          nicolae_shoals_siren_and_animal_friends
Shoals:3: serial_shops, nicolae_shop_behind_doors,
          portal_ice_cave_entry_pillars_four, uniq_louise
Shoals:4: shoals_end_simple, shoals_ilsuiw_ice, uniq_kirke
Snake:1:  serial_shops, shop, nicolae_shop_waterfront, nicolae_shop_waterfront,
          shop, nicolae_snake_single_loop, nicolae_snake_lava_pool
Snake:4:  snake_pit
Orc:1:    serial_shops, nicolae_shop_trees, nicolae_shop_trees, shop,
          nicolae_orc_jurassic_orc, rock_pile
Orc:2:    pubby_orc_utopia
Vaults:1: hangedman_vaults_nails, nicolae_vaults_little_squares_6,
          ontoclasm_vaults_gallery, v_rooms_5, grunt_vaults_twisty,
          vaults_room_grunt_arrival_ludios, nicolae_vaults_gold_heap,
          vaults_room_pool, vaults_room_boxed, hangedman_vaults_maws,
          ontoclasm_vaults_decontamination
Vaults:2: minmay_crypt_entry_skeletal_spiral, nicolae_vaults_asterisk, v_misc_9,
          v_pattern_2, vaults_dpeg_encased_lava, nicolae_vaults_network_square,
          hangedman_vaults_impose, v_misc_24, v_misc_19,
          nicolae_vaults_alarming, vaults_room_stairs_pillars,
          ontoclasm_vaults_shuriken, nicolae_vaults_network_s,
          nicolae_vaults_asterisk, v_misc_23
Vaults:3: nicolae_vaults_inception_corners, vaults_mumra_hex,
          vaults_room_grunt_arrival_checkpoint, vaults_mumra_hexcomb,
          grunt_vaults_bifocal, vaults_standard_mumra_lines,
          grunt_vaults_funnel, grunt_vaults_diagonal, vaults_mumra_chevron,
          nicolae_vaults_minivaults, grunt_vaults_focal,
          nicolae_trove_entry_columns
Vaults:4: vaults_room_semicircle, st_eye, vaults_room_hallway, v_misc_1,
          nicolae_vaults_big_ls, nicolae_vaults_three_branches,
          hangedman_vaults_cutoff, dpeg_vaults_monster_box,
          hangedman_vaults_stream, vaults_dpeg_ring, vaults_room_door_ring
Ossuary:  ossuary_minmay_tomb_2a

Skill      XL: |  1  2  3  4  5  6  7  8  9 10 11 12 13 14 15 16 17 18 19 20 21 |
---------------+----------------------------------------------------------------+-----
Axes           | 3 4 5 6 7 9 10 12 13 14 15 16 17 18 19 20 21 | 21.3
Armour         | 4 5 6 7 9 10 11 12 13 14 15 16 17 18 | 18.4
Dodging        | 1 2 3 4 5 7 8 9 10 11 12 13 14 15 16 | 16.4
Shields        | 4 5 6 8 9 10 11 12 13 14 16 18 19 20 21 | 21.2
Fighting       | 4 5 6 8 9 10 11 12 13 14 15 16 17 18 | 18.7
Invocations    | 3 5 7 8 9 10 | 10.2

Action                   |  1- 3 |  4- 6 |  7- 9 | 10-12 | 13-15 | 16-18 | 19-21 || total
-------------------------+-------+-------+-------+-------+-------+-------+-------++-------
Melee: War axe           |    90 |   108 |   243 |   793 |   947 |       |       ||  2181
       Headbutt          |     8 |    23 |    45 |   212 |   268 |   311 |   244 ||  1111
       Whip              |       |       |       |    51 |       |       |       ||    51
       Broad axe         |       |       |       |       |   258 |  1346 |   971 ||  2575
Throw: Tomahawk          |       |       |       |    39 |       |       |       ||    39
Invok: Heroism           |       |       |     5 |    20 |    21 |    16 |     2 ||    64
       Finesse           |       |       |       |     7 |    13 |    12 |     2 ||    34
 Abil: Evoke Flight      |       |       |       |       |       |     2 |       ||     2
Evoke: Wand              |       |       |       |     1 |     8 |     5 |       ||    14
  Use: Scroll            |       |     2 |     9 |    10 |    10 |    14 |     4 ||    49
       Potion            |       |       |     2 |     4 |       |     6 |       ||    12
 Stab: Distracted        |       |       |       |       |     4 |    12 |    11 ||    27
       Paralysed         |       |       |       |       |       |       |     1 ||     1
  Eat: Chunk             |     1 |     5 |     8 |    24 |    18 |    22 |    16 ||    94
       Fruit             |       |       |     2 |     2 |     9 |     8 |     2 ||    23
       Pizza             |       |       |       |     1 |       |       |       ||     1
       Bread ration      |       |       |       |       |       |     2 |       ||     2
       Royal jelly       |       |       |       |       |       |       |     1 ||     1
Armor: Scale mail        |    37 |    29 |    64 |    38 |       |       |       ||   168
       Chain mail        |       |       |       |    37 |       |       |       ||    37
       Plate armour      |       |       |       |   144 |   363 |    39 |       ||   546
       Crystal plate arm |       |       |       |       |       |   384 |   195 ||   579
Dodge: Dodged            |    34 |    35 |   101 |   267 |   365 |   298 |   144 ||  1244
Block: Shield            |    40 |    53 |   121 |   341 |   673 |  1002 |   494 ||  2724
       Reflection        |       |       |       |       |       |    97 |    64 ||   161
       Large shield      |       |       |       |       |       |       |   225 ||   225

Vault maps used:
D:1:      dpeg_arrival_radiant
D:2:      overflow_temple_1_default, first_bread, uniq_jessica
D:3:      nicolae_overflow_hidden_temple, tso_metal_star
D:4:      okawaru_metal_pillars_1_2, serial_shops,
          nicolae_shop_temple_entry_statues_fountains,
          hangedman_abyss_or_decor_passed
D:6:      gammafunk_temple_overflow_wave, serial_glass, glass_columns_c,
          glass_columns_b, item_on_display_a, uniq_crazy_yiuf_cottage
D:7:      nicolae_ossuary_entry_giza, the_bakery, uniq_prince_ribbit1,
          uniq_menkaure, uniq_joseph, uniq_pikel
D:8:      basic_altar, serial_shops, shop_statue, nicolae_shop_trees,
          nicolae_shop_waterfront, shop_fountains, minmay_door_square
D:9:      cheibrodos_grave_circle, nicolae_gozag_zags_fifth_avenue,
          kennysheep_diamond
D:10:     minmay_curly_fans, serial_co_window_serial, co_window_paths_b,
          co_window_of_opportunity_a, co_window_corner_a, co_window_corner_a,
          co_window_corner_a, co_window_broadway_c, co_window_of_opportunity_b,
          co_window_corner_ca, co_window_sun, co_window_4corner_a,
          glass_columns_c, glass_columns_b, corexii_leaking_fountain,
          grunt_decor_one_mirror
D:11:     erik_lair_dragon, orc_david_3
D:12:     dk_noncrumbling_4, uniq_josephine
D:13:     david_vaults_4, serial_bayou_pond_e
D:14:     evilmike_ruin_ashenzari, basic_altar, jiyva_altar_1
D:15:     grunt_enter_depths_snipers, serial_shops, nicolae_shop_waterfront,
          nicolae_shop_statue_plus, nicolae_shop_crystal, uniq_roxanne,
          uniq_urug
Lair:1:   infiniplex_staircase_pool, grunt_megastairs_3,
          minmay_lair_oklob_chamber
Lair:2:   basic_altar, uniq_harold
Lair:3:   minmay_shoals_entry_centaurs, special_room,
          nicolae_volcano_entry_lava_flow, minmay_guarded_unrand_chilly_death,
          serial_bayou_shore_b, uniq_fannar
Lair:4:   pond_and_an_island_with_a_cottage, dummy_snake_entry, special_room
Lair:5:   lemuel_fruit_tree
Lair:6:   minmay_lair_end_enchanted_forest, dpeg_slime_entry_corner, basic_altar
Shoals:1: serial_shops, shop, nicolae_shoals_drake_roost
Shoals:2: serial_shops, nicolae_shop_behind_doors,
          nicolae_shoals_siren_and_animal_friends
Shoals:3: serial_shops, nicolae_shop_behind_doors,
          portal_ice_cave_entry_pillars_four, uniq_louise
Shoals:4: shoals_end_simple, shoals_ilsuiw_ice, uniq_kirke
Snake:1:  serial_shops, shop, nicolae_shop_waterfront, nicolae_shop_waterfront,
          shop, nicolae_snake_single_loop, nicolae_snake_lava_pool
Snake:4:  snake_pit
Orc:1:    serial_shops, nicolae_shop_trees, nicolae_shop_trees, shop,
          nicolae_orc_jurassic_orc, rock_pile
Orc:2:    pubby_orc_utopia
Vaults:1: hangedman_vaults_nails, nicolae_vaults_little_squares_6,
          ontoclasm_vaults_gallery, v_rooms_5, grunt_vaults_twisty,
          vaults_room_grunt_arrival_ludios, nicolae_vaults_gold_heap,
          vaults_room_pool, vaults_room_boxed, hangedman_vaults_maws,
          ontoclasm_vaults_decontamination
Vaults:2: minmay_crypt_entry_skeletal_spiral, nicolae_vaults_asterisk, v_misc_9,
          v_pattern_2, vaults_dpeg_encased_lava, nicolae_vaults_network_square,
          hangedman_vaults_impose, v_misc_24, v_misc_19,
          nicolae_vaults_alarming, vaults_room_stairs_pillars,
          ontoclasm_vaults_shuriken, nicolae_vaults_network_s,
          nicolae_vaults_asterisk, v_misc_23
Vaults:3: nicolae_vaults_inception_corners, vaults_mumra_hex,
          vaults_room_grunt_arrival_checkpoint, vaults_mumra_hexcomb,
          grunt_vaults_bifocal, vaults_standard_mumra_lines,
          grunt_vaults_funnel, grunt_vaults_diagonal, vaults_mumra_chevron,
          nicolae_vaults_minivaults, grunt_vaults_focal,
          nicolae_trove_entry_columns
Vaults:4: vaults_room_semicircle, st_eye, vaults_room_hallway, v_misc_1,
          nicolae_vaults_big_ls, nicolae_vaults_three_branches,
          hangedman_vaults_cutoff, dpeg_vaults_monster_box,
          hangedman_vaults_stream, vaults_dpeg_ring, vaults_room_door_ring
Ossuary:  ossuary_minmay_tomb_2a

Table legend:
 A = Turns spent in this place as a percentage of turns spent in the entire game.
 B = Non-inter-level travel turns spent in this place as a percentage of non-inter-level travel turns spent in the entire game.
 C = Inter-level travel turns spent in this place as a percentage of turns spent in this place.
 D = Turns resting spent in this place as a percentage of non-inter-level travel turns spent in this place.
 E = Turns spent auto-exploring this place as a percentage of non-inter-level travel turns spent in this place.
 F = Non-inter-level travel turns spent in this place divided by the number of levels of this place that you've seen.
                   A       B       C       D       E      F
               +-------+-------+-------+-------+-------+----------------------
         Total | 100.0 | 100.0 |   0.6 |   3.1 |  10.2 | 303.2
       Dungeon |  29.4 |  29.4 |   0.6 |   2.8 |  12.9 | 219.5
          Lair |  17.0 |  17.0 |   0.7 |   2.9 |   7.3 | 317.3
        Shoals |  12.9 |  12.8 |   1.2 |   3.5 |   6.0 | 359.8
     Snake Pit |  15.4 |  15.4 |   0.5 |   5.6 |   5.0 | 431.2
  Orcish Mines |   5.6 |   5.6 |   0.5 |   0.0 |  23.5 | 312.5
        Vaults |  15.5 |  15.5 |   0.2 |   1.4 |  12.9 | 435.8
         Abyss |   3.3 |   3.3 |   0.0 |   9.0 |   6.0 | 367.0
       Ossuary |   1.1 |   1.1 |   0.0 |   1.7 |   5.0 | 121.0
               +-------+-------+-------+-------+-------+----------------------

Table legend:
 A = Kills in this place as a percentage of kills in entire the game.
 B = Kills by you in this place as a percentage of kills by you in the entire game.
 C = Kills by friends in this place as a percentage of kills by friends in the entire game.
 D = Other kills in this place as a percentage of other kills in the entire game.
 E = Experience gained in this place as a percentage of experience gained in the entire game.
 F = Experience gained in this place divided by the number of levels of this place that you have seen.
                   A       B       C       D       E      F
               +-------+-------+-------+-------+-------+----------------------
         Total | 100.0 | 100.0 | 100.0 | 100.0 | 100.0 | 16880.1
       Dungeon |  25.6 |  26.8 |  11.1 |  46.2 |  12.1 | 5031.0
          Lair |  14.8 |  16.3 |   0.0 |   0.0 |   9.4 | 9820.8
        Shoals |  11.8 |  10.5 |  25.7 |  15.4 |  16.0 | 24960.8
     Snake Pit |  13.1 |  12.8 |  17.4 |   7.7 |  17.8 | 27730.5
  Orcish Mines |  10.0 |   9.4 |  17.4 |   0.0 |   3.4 | 10491.5
        Vaults |  21.0 |  20.2 |  28.5 |  30.8 |  38.5 | 60071.5
         Abyss |   2.7 |   2.9 |   0.0 |   0.0 |   2.9 | 17916.0
       Ossuary |   0.9 |   1.0 |   0.0 |   0.0 |   0.0 | 222.0
               +-------+-------+-------+-------+-------+----------------------
